 Dungeon Crawl Stone Soup version 0.27-a0-96-gb51a1d6fd6 (webtiles) character file.

Game seed: 17038404658339278341

63 knot the Chopper (level 3, -5/28 (29) HPs)
             Began as a Demonspawn Berserker on Jan 19, 2021.
             Was a Believer of Trog.
             Slain by Sigmund
             ... wielding a +0 scythe
              (8 damage)
             ... on level 2 of the Dungeon.
             The game lasted 00:01:29 (1956 turns).

knot the Chopper (Demonspawn Berserker)             Turns: 1956, Time: 00:01:30

HP:   -5/28 (29)    AC:  3    Str: 16 (17) XL:     3   Next: 87%
MP:   3/3           EV: 12    Int:  8 (9)  God:    Trog [**....]
Gold: 97            SH:  0    Dex: 11 (12) Spells: 2/2 levels left

rFire    . . .     SeeInvis .   a - +0 hand axe
rCold    . . .     Faith    .   (no shield)
rNeg     . . .     Spirit   .   b - +0 animal skin
rPois    .         Reflect  .   (no helmet)
rElec    .         Harm     .   e - +0 cloak
rCorr    .         Rampage  .   (no gloves)
Will     .....                  (no boots)
Stlth    +.........             (no amulet)
HPRegen  1.09/turn              (no ring)
MPRegen  0.08/turn              (no ring)

@: berserk cooldown, slowed, lightly drained, very slow
A: powered by death 1
a: Renounce Religion, Berserk, Trog's Hand


You were on level 2 of the Dungeon.
You worshipped Trog.
Trog was pleased with you.
You visited 1 branch of the dungeon, and saw 2 of its levels.

You collected 97 gold pieces.

Inventory:

Hand Weapons
 a - a +0 hand axe (weapon)
Missiles
 d - 65 stones
 l - 13 poisoned darts
Armour
 b - a +0 animal skin (worn)
 e - a +0 cloak (worn)
Jewellery
 i - an uncursed ring of magical power
 n - an uncursed ring of positive energy {unknown}
 p - an uncursed ring of stealth {unknown}
Scrolls
 c - a scroll of noise {unknown}
 f - a scroll of fog {unknown}
 g - a scroll of amnesia {unknown}
 j - a scroll of identify {unknown}
 k - a scroll of enchant armour {unknown}
 m - a scroll of enchant weapon {unknown}
Potions
 o - a potion of degeneration


   Skills:
 - Level 3.0 Fighting
 + Level 4.4 Axes
 - Level 1.7 Armour
 - Level 1.7 Dodging


You had 2 spell levels left.
You didn't know any spells.
Your spell library was empty.

Dungeon Overview and Level Annotations

Branches:
Dungeon (2/15)

Altars:
Ru

Annotations:
D:2 Sigmund


Innate Abilities, Weirdness & Mutations

You regenerate a little health from kills.


Message History

* * * LOW HITPOINT WARNING * * *
The jackal closely misses you. Something barely misses you.
The jackal bites you but does no damage.
The jackal bites you. The jackal barely misses you.
You aren't carrying any items that you can evoke.
It was a potion of degeneration.
There was something very wrong with that liquid.
You feel weakened.
You feel dopey.
You feel clumsy.
The jackal bites you but does no damage.
Something hits you!
* * * LOW HITPOINT WARNING * * *
The jackal bites you.
* * * LOW HITPOINT WARNING * * *
As you read the scroll labelled MUADUMELLOSM, it crumbles to dust.
You feel aware of your surroundings.
It was a scroll of magic mapping.
The jackal bites you.
* * * LOW HITPOINT WARNING * * *
Something hits you!
You die...

*,* #.# #.# # *,* #.# #.# # *,*
*#.## #.# # *,* *#.#.########.* #
*,******#.###.........* #
*,,,,,*#.#* ##.######** #
*****,*##,**#...(# # *,*
**,#.###.# # *****,* *..#* #@# #
,,,,,,* #.#* #h# # ,****** #.*
#.# # ,* #,* #w# # ,* *,* #)#* ,*
*,****#.†#****
,*********,**,,.....,,* ****
*,,,,,,,**,**,#.#.#.#,* *,,,
,******,**,**,..,....>********,**


You could see a worm and a jackal.

Vanquished Creatures
  A worm (D:2)
  3 dart slugs
  A ball python (D:1)
  5 giant cockroaches (D:1)
  5 goblins
  6 hobgoblins
  10 jackals
  3 quokkas (D:2)
  2 bats
  2 frilled lizards (D:1)
  3 kobolds
  6 rats
47 creatures vanquished.

Notes
Turn   | Place    | Note
-------+----------+-------------------------------------------
     0 | D:1      | knot the Demonspawn Berserker began the quest for the Orb.
     0 | D:1      | Reached XP level 1. HP: 18/18 MP: 1/1
   156 | D:1      | Reached skill level 3 in Axes
   400 | D:1      | Gained mutation: You regenerate a little health from kills.
                  | [demonic ancestry]
   400 | D:1      | Reached XP level 2. HP: 18/24 MP: 2/2
   805 | D:1      | Reached XP level 3. HP: 20/29 MP: 3/3
  1265 | D:2      | Reached skill level 4 in Axes
  1303 | D:2      | Reached ** piety under Trog
  1584 | D:2      | Found a sacrificial altar of Ru.
  1928 | D:2      | Noticed Sigmund
  1956 | D:2      | Slain by Sigmund

Illustrated notes

Levels and vault maps discovered:
D:1:      minmay_arrival_hallway, layout_basic
D:2:      layout_loops_ring, lemuel_doored_altar, st_stairs_2, uniq_sigmund

Skill      XL: |  1  2  3 |
---------------+----------+-----
Axes           | 3 4 |  4.4
Fighting       | |  3.0
Armour         | |  1.7
Dodging        | |  1.7

Action                   || total
-------------------------++-------
Melee: Hand axe          ||   126
Invok: Berserk           ||     1
       Trog's Hand       ||     1
  Use: Scroll            ||     1
       Potion            ||     1
 Stab: Sleeping          ||     1
Armor: Animal skin       ||    27
Dodge: Dodged            ||    71

Table legend: (Time is in decaauts)
 A = Elapsed time spent in this place.
 B = Non-inter-level travel time spent in this place.
 C = Inter-level travel time spent in this place.
 D = Time resting spent in this place.
 E = Time spent auto-exploring this place.
 F = Levels seen in this place.
 G = Mean time per level.
                   A        B        C        D        E       F      G
               +--------+--------+--------+--------+--------+-----+--------+
         Total |   1966 |   1937 |     29 |    435 |   1231 |   2 |  983.0 |
       Dungeon |   1966 |   1937 |     29 |    435 |   1231 |   2 |  983.0 |
               +--------+--------+--------+--------+--------+-----+--------+

Top non-repeatable levels by time:
     D:1: 1263 daAuts
     D:2: 702 daAuts
